 Dungeon Crawl Stone Soup version 0.29.1-2-gbd0b4ee654 (webtiles) character file.

Game seed: 2071320943769302522

7282 KittyFluff the Basher (level 11, 0/67 HPs)
             Began as a Gargoyle Berserker on Oct 26, 2022.
             Was an Elder of Trog.
             Slain by a death yak (11 damage)
             ... on level 9 of the Dungeon.
             The game lasted 00:49:20 (11400 turns).

KittyFluff the Basher (Gargoyle Berserker)         Turns: 11400, Time: 00:49:21

Health: 0/67       AC: 16    Str: 27    XL:     11   Next: 12%
Magic:  0/11       EV: 14    Int:  8    God:    Trog [****..]
Gold:   662        SH:  6    Dex: 19    Spells: 10/10 levels left

rFire   . . .      SeeInvis .   H - +9 mace of Midnight {vorpal, Fly rElec}
rCold   . . .      Faith    .   I - +0 buckler
rNeg    + . .      Spirit   +   K - +0 steam dragon scales
rPois   ∞          Reflect  .   C - +0 helmet
rElec   +          Harm     .   (no cloak)
rCorr   .          Rampage  .   (no gloves)
Will    .....                   (no boots)
Stlth   +++.......              c - amulet of guardian spirit
HPRegen 0.21/turn               d - +6 ring of strength
MPRegen 0.12/turn               E - +6 ring of dexterity

@: on berserk cooldown, flying, slowed, very slow
A: sickness immunity, AC +8, negative energy resistance 1, electricity
resistance, torment resistance 1, petrification resistance
a: Renounce Religion, Berserk, Trog's Hand, Brothers in Arms


You were on level 9 of the Dungeon.
You worshipped Trog.
Trog was greatly pleased with you.
You visited 1 branch of the dungeon, and saw 9 of its levels.

You collected 662 gold pieces.

Inventory:

Hand Weapons
 b - a +0 quarterstaff
 q - a +4 dire flail
 u - a +5 flail of freezing
 G - a +3 flail of venom
 H - the +9 mace of Midnight (weapon) {vorpal, Fly rElec}
   (You took it off an orc wizard on level 5 of the Dungeon)

   It inflicts extra damage upon your enemies.
   rElec:     It insulates you from electricity.
   Fly:       It grants you flight.
Missiles
 a - 4 javelins
 h - a curare-tipped dart
 i - 7 atropa-tipped darts
 o - 2 boomerangs (quivered)
 F - 17 poisoned darts
Armour
 s - a +1 robe of positive energy
 x - a +2 ring mail of willpower
 C - a +0 helmet (worn)
 I - a +0 buckler (worn)
 K - +0 steam dragon scales (worn)
 Q - a +0 kite shield
Jewellery
 c - an amulet of guardian spirit (around neck)
 d - a +6 ring of strength (left hand)
 E - a +6 ring of dexterity (right hand)
 M - the ring "Calot" {Contam rCorr AC+4 SInv}
   (You found it on level 6 of the Dungeon)

   [ring of protection]

   AC:        It affects your AC (+4).
   SInv:      It lets you see invisible.
   Contam:    It causes magical contamination when unequipped.
   rCorr:     It protects you from acid and corrosion.
Wands
 r - a wand of flame (20)
 t - a wand of polymorph (7)
 N - a wand of digging (4)
 O - a wand of roots (5)
Scrolls
 e - 5 scrolls of fear
 f - 5 scrolls of teleportation {unknown}
 g - a scroll of silence {unknown}
 j - 4 scrolls of fog {unknown}
 l - 2 scrolls of torment {unknown}
 n - a scroll of vulnerability {unknown}
 p - a scroll of enchant armour {unknown}
 y - 2 scrolls of magic mapping {unknown}
 D - a scroll of amnesia {unknown}
 J - 2 scrolls of enchant weapon {unknown}
 P - a scroll of immolation {unknown}
 R - 2 scrolls of identify
Potions
 k - a potion of mutation
 m - a potion of ambrosia
 v - a potion of brilliance {unknown}
 w - a potion of cancellation {unknown}
 z - 2 potions of curing {unknown}
 A - 3 potions of heal wounds
 B - a potion of resistance {unknown}
 L - a potion of lignification {unknown}


   Skills:
 + Level 7.3 Fighting
 + Level 8.6(10.0) Maces & Flails
 + Level 7.7(9.5) Staves
 + Level 1.0 Throwing
 * Level 7.8 Armour
 + Level 5.0 Dodging
 + Level 4.4 Stealth
 * Level 5.2 Shields


You had 10 spell levels left.
You didn't know any spells.
Your spell library was empty.

Dungeon Overview and Level Annotations

Branches:
Dungeon (9/15)             Temple (0/1) D:6            Lair (0/5) D:9
    Orc: D:9-12

Altars:
Ashenzari
Dithmenos
Gozag
Okawaru
Qazlal

Annotations:
D:7 2 transporters, Arctor's ghost, novice MiGl


Innate Abilities, Weirdness & Mutations

You are immune to sickness and miasma.
Your stone body is resilient. (AC +8)
You are immune to poison.
You resist negative energy. (rN+)
You are resistant to electric shocks. (rElec)
You are resistant to unholy torment.
You are immune to petrification.


Message History

You hit the death yak.
The death yak is almost dead.
You hit the death yak but do no damage.
The death yak is almost dead.
The death yak barely misses you.
A death yak comes into view.
The death yak bellows!
You sock the death yak!
You kill the death yak!
Trog accepts your kill.
Your Throwing skill increases to level 1!
Your Dodging skill increases to level 5!
You are too berserk!
Unknown command.
A yak comes into view.
You thump the yak!
The yak is moderately wounded.
You are no longer berserk.
You are exhausted.
You feel yourself slow down. The yak gores you but does no damage.
You hit the yak.
The yak is heavily wounded.
The yak gores you.
A death yak comes into view.
You closely miss the yak.
The yak is heavily wounded.
The death yak bellows! x2
The yak gores you. The death yak completely misses you.
The death yak attacks as you move away! You block the death yak's attack.
The yak snorts and paws the ground.
The death yak gores you! The death yak attacks as you move away!
The death yak closely misses you.
The death yak snorts and paws the ground.
The death yak gores you!
* * * LOW HITPOINT WARNING * * *
The death yak attacks as you move away! The death yak completely misses you.
You see here a death yak skeleton.
The death yak attacks as you move away! The death yak gores you!
You die...

#)..#####
#...#
#...#####
#........
#...#..#.
#........
#...###..
#.#.# .#
#@#.# #YY.#
#...# #Y..#
#Y#.#
#YY.######
#Y..........
#.#...#.....
#Y........#.


You could see 5 death yaks and 2 yaks.

Vanquished Creatures
  2 death yaks (D:9)
  Pikel (D:5)
  Joseph (D:7)
  The ghost of quakins the Grappler, a novice TrTm (D:5)
  A hornet (D:8)
  Sigmund (D:5)
  A wyvern (D:7)
  4 yaks (D:8)
  3 steam dragons
  Edmund (D:5)
  A water moccasin (D:6)
  Duvessa (D:7)
  2 ice beasts (D:7)
  2 ogres
  3 centaurs
  3 phantoms
  2 kobold brigands
  A lemure (D:4)
  3 bullfrogs (D:8)
  2 scorpions
  3 necrophages
  11 wights
  Dowan (D:7)
  A howler monkey (D:7)
  3 electric eels (D:6)
  4 hounds
  3 quasits (D:5)
  3 jellies
  6 orc priests
  Jessica (D:2)
  Terence (D:3)
  6 orc wizards
  Natasha (thrice) (D:4)
  4 iguanas
  6 adders
  3 shadow imps
  2 ufetubi
  A worm (D:2)
  4 dart slugs
  32 orcs
  6 bats
  6 endoplasms
  A giant cockroach (D:2)
  6 goblins
  9 hobgoblins
  4 quokkas
  9 ball pythons
  6 frilled lizards
  19 kobolds
  6 rats
206 creatures vanquished.

Vanquished Creatures (others)
  12 plants (D:6)
12 creatures vanquished.

Grand Total: 218 creatures vanquished

Notes
Turn   | Place    | Note
-------+----------+-------------------------------------------
     0 | D:1      | KittyFluff the Gargoyle Berserker began the quest for the
                  | Orb.
     0 | D:1      | Reached XP level 1. HP: 14/14 MP: 1/1
   299 | D:1      | Reached XP level 2. HP: 15/19 MP: 2/2
   641 | D:1      | Found a faded altar of an unknown god.
   711 | D:1      | Reached XP level 3. HP: 23/24 MP: 3/3
  1171 | D:2      | Noticed Jessica
  1183 | D:2      | Killed Jessica
  1184 | D:2      | Reached XP level 4. HP: 16/29 MP: 2/4
  1185 | D:2      | Reached ** piety under Trog
  1428 | D:2      | Reached skill level 4 in Maces & Flails
  1658 | D:2      | Reached skill level 1 in Stealth
  1683 | D:2      | Reached XP level 5. HP: 17/33 MP: 2/5
  1995 | D:3      | Noticed Terence
  2011 | D:3      | Killed Terence
  2252 | D:3      | Found a broken altar of Ashenzari.
  2303 | D:3      | Found a stormy altar of Qazlal.
  2356 | D:3      | Noticed Natasha
  2595 | D:4      | Reached *** piety under Trog
  3213 | D:4      | Killed Natasha
  3214 | D:4      | Reached XP level 6. HP: 19/38 MP: 2/6
  3872 | D:4      | Reached skill level 5 in Maces & Flails
  3872 | D:4      | Reached skill level 1 in Staves
  3875 | D:4      | HP: 2/58 [orc priest/+2 whip of venom (4)]
  3919 | D:4      | Noticed Natasha
  3967 | D:4      | Killed Natasha
  3968 | D:4      | Reached XP level 7. HP: 8/44 MP: 2/7
  4353 | D:4      | Noticed Natasha
  4359 | D:4      | Killed Natasha
  4722 | D:5      | Entered Level 5 of the Dungeon
  4722 | D:5      | Noticed Sigmund
  4727 | D:5      | Found a shadowy altar of Dithmenos.
  4985 | D:5      | Noticed Pikel
  4986 | D:5      | Killed Sigmund
  5012 | D:5      | Killed Pikel
  5013 | D:5      | Reached skill level 5 in Fighting
  5013 | D:5      | Reached skill level 5 in Staves
  5013 | D:5      | Reached XP level 8. HP: 5/49 MP: 0/8
  5300 | D:5      | Found a transporter.
  5303 | D:5      | Noticed quakins's ghost (novice TrTm)
  5319 | D:5      | Found a transporter.
  5486 | D:5      | Killed quakins's ghost
  5489 | D:5      | Reached skill level 5 in Armour
  5807 | D:5      | Noticed Edmund
  5823 | D:5      | Killed Edmund
  5824 | D:5      | Reached XP level 9. HP: 42/55 MP: 5/9
  6126 | D:5      | Identified the +9 mace of Midnight {vorpal, Fly rElec}
  6512 | D:5      | Reached skill level 1 in Shields
  6984 | D:6      | Found a staircase to the Ecumenical Temple.
  7525 | D:6      | Reached skill level 6 in Maces & Flails
  7848 | D:6      | Identified the ring "Calot" {Contam rCorr AC+4 SInv}
  7861 | D:6      | Reached XP level 10. HP: 61/61 MP: 10/10
  8021 | D:7      | Noticed Duvessa
  8021 | D:7      | Noticed Dowan
  8082 | D:7      | Killed Duvessa
  8235 | D:7      | Killed Dowan
  8450 | D:7      | Reached skill level 7 in Maces & Flails
  8553 | D:7      | Noticed Joseph
  8572 | D:7      | Killed Joseph
  8781 | D:7      | Noticed a manticore
  8814 | D:7      | Found a transporter.
  8817 | D:7      | Noticed Arctor's ghost (novice MiGl)
  8847 | D:7      | Found a transporter.
  8936 | D:7      | Reached **** piety under Trog
  9255 | D:8      | Found an iron altar of Okawaru.
  9743 | D:8      | Reached skill level 8 in Maces & Flails
 10099 | D:8      | Found an opulent altar of Gozag.
 11169 | D:9      | Noticed a death yak
 11194 | D:9      | Killed a death yak
 11195 | D:9      | Reached skill level 5 in Shields
 11195 | D:9      | Reached XP level 11. HP: 51/67 MP: 6/11
 11359 | D:9      | Found a staircase to the Lair.
 11359 | D:9      | Noticed a death yak
 11363 | D:9      | Noticed a death yak
 11381 | D:9      | Noticed a death yak
 11382 | D:9      | Noticed a death yak
 11384 | D:9      | Noticed a death yak
 11385 | D:9      | Killed a death yak
 11386 | D:9      | Reached skill level 1 in Throwing
 11386 | D:9      | Reached skill level 5 in Dodging
 11388 | D:9      | Noticed a death yak
 11400 | D:9      | Slain by a death yak

Illustrated notes

Levels and vault maps discovered:
D:1:      saegor_arrival_simple_b, layout_basic,
          dreamdust_ecumenical_altar_grove
D:2:      layout_basic, st_stairs_11, kennysheep_jessica_study
D:3:      layout_rooms, nicolae_ashenzari_panopticon, grunt_qazlal_sundering,
          corexii_leaking_fountain, uniq_jessica, uniq_terence, uniq_natasha
D:4:      layout_gridville
D:5:      layout_loops_ring, nicolae_dithmenos_through_a_glass_darkly,
          gammafunk_ghost_stat_death, dk_noncrumbling_2,
          minmay_misc_feat_pillars, nicolae_titane, uniq_edmund, uniq_sigmund,
          uniq_pikel
D:6:      layout_loops_cross, temple_pool_b, serial_bayou_lagoon_b
D:7:      layout_rooms, gammafunk_ghost_arena, uniq_joseph, uniq_duvessa
D:8:      layout_layer_cave, nicolae_gozag_cash_rules_everything_around_me,
          amcnicky_altar_gilded, minivault_21
D:9:      layout_stronghold, general_overflow_altar, dpeg_lair_monsters,
          nicolae_concentric_dashed_squares_mild, minmay_checkerbox

Skill      XL: |  1  2  3  4  5  6  7  8  9 10 11 |
---------------+----------------------------------+-----
Maces & Flails | 4 5 6 8 |  8.6
Dodging        | 2 3 4 5 |  5.0
Fighting       | 4 5 6 7 |  7.3
Stealth        | 1 2 3 4 |  4.4
Armour         | 3 4 5 6 7 |  7.8
Staves         | 1 5 7 |  7.7
Shields        | 2 5 |  5.2
Throwing       | 1 |  1.0

Action                   |  1- 3 |  4- 6 |  7- 9 | 10-12 || total
-------------------------+-------+-------+-------+-------++-------
Melee: Mace              |    88 |    91 |   103 |   177 ||   459
       Punch             |       |     1 |       |       ||     1
       Flail             |       |    44 |       |       ||    44
       Quarterstaff      |       |    52 |   143 |       ||   195
Throw: Boomerang         |       |       |       |    15 ||    15
Invok: Berserk           |       |     3 |     5 |     4 ||    12
       Trog's Hand       |       |       |     1 |       ||     1
  Use: Scroll            |       |     1 |     6 |     1 ||     8
 Stab: Sleeping          |     1 |       |     2 |       ||     3
Armor: Animal skin       |    18 |    50 |       |       ||    68
       Robe              |       |    34 |     8 |       ||    42
       Leather armour    |       |       |   104 |       ||   104
       Steam dragon scal |       |       |     3 |    59 ||    62
Dodge: Dodged            |    69 |   142 |   187 |   104 ||   502
Block: Buckler           |       |       |    18 |    42 ||    60
